 Dungeon Crawl Stone Soup version 0.25-a0-544-gee0576305d (webtiles) character file.

Game seed: 11691043218966390766, levelgen mode: classic

38781 EnegeticOcto the Cleaver (level 13, -1/127 HPs)
             Began as a Deep Dwarf Fighter on Feb 20, 2020.
             Was a High Priest of Makhleb.
             Slain by a sun demon (5 damage)
             ... summoned by an orc high priest
             ... on level 2 of the Orcish Mines.
             The game lasted 00:08:44 (10138 turns).

EnegeticOcto the Cleaver (Deep Dwarf Fighter)      Turns: 10138, Time: 00:08:44

Health: -1/127     AC: 16    Str: 28    XL:     13   Next: 65%
Magic:  3/3        EV: 11    Int: 10    God:    Makhleb [*****.]
Gold:   1027       SH: 12    Dex: 12    Spells: 12/12 levels left

rFire    + + .     SeeInvis .   a - +1 war axe
rCold    + + .     Gourm    .   c - +0 kite shield
rNeg     + . .     Faith    .   A - +0 plate armour {rC+}
rPois    +         Spirit   .   b - -2 hat of the Alchemist {rElec rPois rF+ rC+ rN+ MR+ rMut rCorr}
rElec    +         Reflect  .   v - +0 cloak
rCorr    +         Harm     +   (no gloves)
rMut     +                      n - +1 pair of boots
MR       ++...                  g - amulet of harm
Stlth    ..........             p - +4 ring of strength
HPRegen  0.00/turn              s - ring of protection from fire
MPRegen  0.08/turn

@: non-regenerating
A: damage resistance, heal wounds, sense surroundings 2, no regeneration
a: Heal Wounds, Minor Destruction, Lesser Servant of Makhleb, Major Destruction,
Greater Servant of Makhleb, Renounce Religion


You were on level 2 of the Orcish Mines.
You worshipped Makhleb.
Makhleb was extremely pleased with you.
You were not hungry.

You visited 3 branches of the dungeon, and saw 17 of its levels.

You collected 1027 gold pieces.

Inventory:

Hand Weapons
 a - a +1 war axe (weapon)
Armour
 b - the -2 hat of the Alchemist (worn) {rElec rPois rF+ rC+ rN+ MR+ rMut rCorr}
   (You found it on level 8 of the Dungeon)

   It protects you from fire.
   It protects you from cold.
   It insulates you from electricity.
   It protects you from poison.
   It protects you from negative energy.
   It affects your resistance to hostile enchantments.
   It provides partial protection from all sources of acid and corrosion.
   It protects you from mutation.
   If you remove this armour, your AC will increase by 2 (16 -> 18).
 c - a +0 kite shield (worn)
 n - a +1 pair of boots (worn)
 v - a +0 cloak (worn)
 A - a +0 plate armour of cold resistance (worn)
Jewellery
 g - an amulet of harm (around neck)
 p - a +4 ring of strength (left hand)
 s - a ring of protection from fire (right hand)
Wands
 f - a wand of flame (6)
 q - a wand of polymorph (6)
 C - a wand of paralysis (17)
 H - a wand of acid (6) {@v1}
 J - a wand of digging (4) {@v2}
Scrolls
 i - 7 scrolls of identify {@r1}
 m - 5 scrolls of teleportation {@r2}
 u - a scroll of magic mapping {@r5}
 w - 2 scrolls of amnesia
 x - 2 scrolls of immolation {@r4}
 y - 2 scrolls of blinking {@r3}
 z - 3 scrolls of enchant armour
 B - 4 scrolls of remove curse {@r6}
 D - 2 scrolls of enchant weapon
 E - 3 scrolls of fog
 I - a scroll of silence {unknown}
Potions
 d - 5 potions of heal wounds {@q2}
 j - 3 potions of lignification {@q7}
 k - 3 potions of might {@q3}
 l - a potion of berserk rage
 o - 3 potions of flight
 r - 4 potions of brilliance {unknown}
 t - 8 potions of curing {@q1}
 G - a potion of invisibility {unknown}
Miscellaneous
 F - a lamp of fire
Comestibles
 e - 22 rations
 L - 19 chunks of flesh


   Skills:
 * Level 11.4 Fighting
 * Level 13.1 Axes
 + Level 10.0 Armour
 + Level 9.2 Dodging
 + Level 10.0 Shields
 + Level 10.5 Invocations


You had 12 spell levels left.
You didn't know any spells.
Your spell library was empty.

Dungeon Overview and Level Annotations

Branches:
Dungeon (14/15)            Temple (1/1) D:4            Lair (0/6) D:10
    Orc (2/2) D:12         Vaults (0/5) D:13
    Elf: Orc:2

Altars:
Ashenzari
Cheibriados
Dithmenos
Elyvilon
Fedhas
Gozag
Hepliaklqana
Kikubaaqudgha
Makhleb
Nemelex Xobeh
Okawaru
Ru
Sif Muna
Trog
Uskayaw
Vehumet
Xom
Yredelemnul
Zin
The Shining One

Shops:
D:14 :

Annotations:
D:3 2 transporters
D:13 3 runed translucent doors
Orc:1 2 transporters, sixsigma's ghost, journeyman GnWz


Innate Abilities, Weirdness & Mutations

You are resistant to damage.
You can heal yourself by infusing magical energy.
You passively map the area around you.
You do not regenerate.


Message History

You feel better.
You are engulfed in blazing flames.
You resist.
You hear a shout!
The orc high priest mumbles some strange prayers to Beogh.
Evoke which item? (* to show all) (? for menu, Esc to quit)
Aiming: Iceblast
Press: ? - help, Shift-Dir - straight line, f/p - orc high priest
Aim: an orc high priest, wielding a +0 scimitar and wearing a +0 leather armour (heavily wounded, unusually strong)
The mass of ice explodes!
The iceblast engulfs the orc high priest!!
The orc high priest is almost dead.
The iceblast engulfs the smoke demon!
The smoke demon is heavily wounded.
The iceblast engulfs the orc warrior.
The orc warrior is almost dead.
The iceblast engulfs the orc!!
You kill the orc!
Makhleb accepts your kill.
You feel better.
You are engulfed in blazing flames.
You resist.
You hear a shout! x2
The orc warrior throws a boomerang.
You block the boomerang.
The weapon returns to the orc warrior!
An orc knight comes into view. It is wielding a +1 halberd.
The smoke demon is engulfed in blazing flames.
Evoke which item? (* to show all) (? for menu, Esc to quit)
Aiming: Iceblast
Press: ? - help, Shift-Dir - straight line, f/p - orc high priest
Aim: an orc high priest, wielding a +0 scimitar and wearing a +0 leather armour (almost dead, unusually strong)
The mass of ice explodes!
The iceblast engulfs the orc high priest.
The orc high priest is almost dead.
The iceblast engulfs the orc warrior but does no damage.
The orc warrior is almost dead.
The iceblast engulfs the orc knight.
The orc knight is heavily wounded.
The iceblast engulfs the smoke demon!!
You kill the smoke demon!
Makhleb accepts your kill.
You feel better.
You feel a bit more experienced.
The now-empty wand crumbles to dust.
You are engulfed in blazing flames.
You resist.
You hear a shout! x3
An orc priest comes into view. It is wielding a +0 flail.
The orc warrior throws a boomerang.
The boomerang closely misses you.
The weapon returns to the orc warrior!
An orc warrior comes into view. It is wielding a +0 dire flail.
No previous command to re-do.
You block the sun demon's attack.
The orc warrior throws a boomerang.
The boomerang hits you.
The weapon returns to the orc warrior!
Things that are here:
a +0 club; a +0 scale mail The orc knight roars a battlecry!
You see here 18 gold pieces.
You miss the sun demon. The sun demon barely misses you.
You slice the sun demon!!
The sun demon is heavily wounded.
You block the sun demon's attack.
The orc knight unwields a +1 halberd.
The orc knight wields a +0 arbalest.
The orc knight shoots a bolt.
The bolt hits you!
You hit the sun demon but do no damage.
The sun demon is heavily wounded.
The sun demon hits you but does no damage.
You miss the sun demon.
The sun demon is heavily wounded.
You block the sun demon's attack.
The orc knight shoots a bolt.
The bolt hits you. The sun demon hits you!
You are engulfed in flames.
You resist.
You hear a shout!
You hit the sun demon but do no damage.
The sun demon is moderately wounded.
The sun demon hits you!!
You are engulfed in flames.
You resist.
You hit the sun demon but do no damage.
The sun demon is moderately wounded.
The orc knight roars a battlecry!
The sun demon hits you but does no damage.
You hear a shout!
You hit the sun demon but do no damage.
The sun demon is moderately wounded.
The orc knight shoots a bolt.
The bolt hits you!!
* * * LOW HITPOINT WARNING * * *
You hear a shout!
You are too injured to fight recklessly!
You are too injured to fight recklessly!
The sun demon hits you.
* * * LOW HITPOINT WARNING * * *
You are engulfed in flames.
You resist.
* * * LOW HITPOINT WARNING * * *
Items here: ))) [ ÷÷ You see here a +0 falchion.
Things that are here:
a +0 dagger; a +0 robe; a +0 hand axe The sun demon hits you!
* * * LOW HITPOINT WARNING * * *
You are engulfed in flames.
You resist.
There is a stone staircase leading up, spattered with blood here.
Things that are here:
a +0 robe; a +0 dagger The sun demon hits you!
* * * LOW HITPOINT WARNING * * *
You are engulfed in flames.
You resist.
You die... , * ...# , , , #........ * , , * #.....$..* , , oo,

#.......# * , ,..(
#.......# ,
,.o)############......$#
* %.)..)..%.÷[[.........#
,
.).%)o[...[..[)).$#....,
, ,
..)%.))o.(o).3@)...#.. ,,
,
#...))))).o...)[).....#,,
....%)).....).......... ,
, %....)...).%).)........
, ......%.$...)....$.....
*
,.......................
,
......%.%......$.......,
, *,
,.......................,
......................, ,
,


You could see an orc knight, a sun demon and 2 orc warriors.

Vanquished Creatures
  An orc warlord (Orc:2)
  Nessos (D:14)
  Josephine (Orc:2)
  3 hydras
  A centaur warrior (D:14)
  2 two-headed ogres
  An orc high priest (Orc:2)
  5 orc knights
  13 ugly things
  A necromancer (D:13)
  3 deep elf magi
  2 manticores
  2 cyclopes (D:12)
  5 orc sorcerers (Orc:2)
  3 centaur zombies
  2 gargoyles
  A freezing wraith (D:13)
  3 trolls
  3 meliai zombies
  A hornet (D:14)
  14 slime creatures
  2 hippogriffs
  A shadow (D:14)
  A vampire (D:14)
  3 wraiths (Orc:2)
  15 yaks
  A human (D:9)
  4 hogs (D:9)
  5 vampire mosquitoes
  3 wargs (Orc:1)
  Edmund (D:5)
  A water moccasin (D:13)
  20 orc warriors
  An eye of draining (D:12)
  3 ice beasts
  3 sky beasts
  2 hornet zombies
  2 black bears
  2 ogres
  A necrophage (D:9)
  2 phantoms
  5 wolves (D:10)
  6 centaurs
  A crocodile (D:13)
  2 big kobolds
  3 bullfrogs
  4 scorpions
  6 killer bees (D:11)
  8 wights
  An electric eel (D:10)
  3 crimson imps
  4 howler monkeys
  2 bullfrog zombies
  9 orc priests
  2 jellies
  3 hounds
  3 bullfrog skeletons
  5 centaur skeletons
  Ijyb (D:5)
  6 iguanas
  23 orc wizards
  8 worker ants
  3 gnolls (D:7)
  13 adders
  5 shadow imps
  2 oozes (D:4)
  A worm (D:7)
  2 dart slugs
  6 leopard geckos
  66 orcs
  A ball python (D:4)
  A bat (D:3)
  3 giant cockroaches
  3 goblins
  7 jackals (D:4)
  13 kobolds
  4 quokkas
  5 frilled lizards
  A quokka zombie (D:5)
  A rat (D:3)
383 creatures vanquished.

Vanquished Creatures (collateral kills)
  Maurice (Orc:2)
  2 orc warriors
  A scorpion (D:14)
  5 orc priests
  6 orcs
15 creatures vanquished.

Grand Total: 398 creatures vanquished

Notes
Turn   | Place    | Note
-------+----------+-------------------------------------------
     0 | D:1      | EnegeticOcto the Deep Dwarf Fighter began the quest for the
                  | Orb.
     0 | D:1      | Reached XP level 1. HP: 20/20 MP: 1/1
   160 | D:2      | Reached XP level 2. HP: 27/27 MP: 2/2
   273 | D:3      | Reached skill level 3 in Axes
   273 | D:3      | Reached skill level 1 in Dodging
   273 | D:3      | Reached XP level 3. HP: 26/34 MP: 3/3
   316 | D:3      | Found a transporter.
   327 | D:3      | Found a white marble altar of Elyvilon.
   448 | D:3      | Found a hazy altar of Hepliaklqana.
   461 | D:3      | Reached XP level 4. HP: 30/42 MP: 4/4
   618 | D:3      | Found a transporter.
   916 | D:4      | Noticed a phantom
   929 | D:4      | HP: 2/42 [something/puff of flame (9)]
   936 | D:4      | Reached XP level 5. HP: 30/49 MP: 5/5
   953 | D:4      | Killed a phantom
   953 | D:4      | Reached skill level 4 in Axes
  1193 | D:4      | Reached XP level 6. HP: 47/57 MP: 5/5
  1353 | D:4      | Found a staircase to the Ecumenical Temple.
  1375 | Temple   | Entered the Ecumenical Temple
  1396 | Temple   | Became a worshipper of Makhleb the Destroyer
  1728 | D:5      | Entered Level 5 of the Dungeon
  1731 | D:5      | Found a hide-covered altar of Uskayaw.
  1731 | D:5      | Noticed Edmund
  1751 | D:5      | Killed Edmund
  1751 | D:5      | Reached skill level 1 in Invocations
  1751 | D:5      | Reached XP level 7. HP: 30/66 MP: 6/6
  1759 | D:5      | Got a crystal rapier
  1760 | D:5      | Identified the cursed +3 rapier of the Warrior {flame,
                  | rElec} (You found it on level 5 of the Dungeon)
  1852 | D:5      | Found a sacrificial altar of Ru.
  1935 | D:5      | Found a sparkling altar of Nemelex Xobeh.
  2041 | D:5      | Noticed Ijyb
  2047 | D:5      | Killed Ijyb
  2184 | D:5      | Reached skill level 5 in Axes
  2748 | D:6      | Found an ancient bone altar of Kikubaaqudgha.
  3058 | D:6      | Reached skill level 5 in Fighting
  3312 | D:7      | Reached skill level 5 in Shields
  3315 | D:7      | Reached XP level 8. HP: 51/74 MP: 7/7
  3321 | D:7      | Reached * piety under Makhleb
  3329 | D:7      | Reached skill level 5 in Armour
  3347 | D:7      | Reached skill level 6 in Axes
  3529 | D:7      | Found a glowing silver altar of Zin.
  3599 | D:7      | Found a snail-covered altar of Cheibriados.
  3894 | D:7      | Got a coiled iron ring
  4414 | D:8      | Identified the ring of Satisfaction {*Slow rElec rN+ Dex+8
                  | Stlth-} (You found it on level 7 of the Dungeon)
  4841 | D:8      | Found the -2 hat of the Alchemist {rElec rPois rF+ rC+ rN+
                  | MR+ rMut rCorr}
  4842 | D:8      | Found a shimmering altar of Xom.
  5115 | D:9      | Reached skill level 7 in Axes
  5115 | D:9      | Gained mutation: You passively map the area around you.
                  | [Deep Dwarf growth]
  5115 | D:9      | Reached XP level 9. HP: 48/82 MP: 5/7
  5449 | D:9      | Found a shattered altar of Ashenzari.
  5498 | D:9      | Reached ** piety under Makhleb
  5506 | D:9      | Reached skill level 8 in Axes
  5506 | D:9      | Reached skill level 5 in Dodging
  5506 | D:9      | Reached skill level 5 in Invocations
  5573 | D:9      | You fall into a shaft and drop 2 floors!
  5574 | D:11     | Noticed a manticore
  5586 | D:11     | Killed a manticore
  5598 | D:11     | Reached XP level 10. HP: 94/94 MP: 9/9
  5756 | D:10     | Entered Level 10 of the Dungeon
  6272 | D:10     | Found a staircase to the Lair.
  6275 | D:10     | Reached skill level 9 in Axes
  6297 | D:10     | Reached *** piety under Makhleb
  6971 | D:11     | Noticed a white ugly thing
  6990 | D:11     | Killed a white ugly thing
  6990 | D:11     | Reached XP level 11. HP: 66/104 MP: 9/9
  7363 | D:12     | Reached skill level 10 in Axes
  7406 | D:12     | Noticed a deep elf mage
  7451 | D:12     | Killed a deep elf mage
  7544 | D:12     | Noticed a brown ugly thing
  7569 | D:12     | Killed a brown ugly thing
  7646 | D:12     | Reached **** piety under Makhleb
  7706 | D:12     | Found a staircase to the Orcish Mines.
  8111 | Orc:1    | Entered Level 1 of the Orcish Mines
  8111 | Orc:1    | Found a transporter.
  8128 | Orc:1    | Identified the +4 dire flail of Death's Door {antimagic,
                  | *Corrode rF+ Int+8 Dex+2}
  8128 | Orc:1    | Noticed a two-headed ogre
  8131 | Orc:1    | Noticed a two-headed ogre
  8134 | Orc:1    | Noticed a two-headed ogre
  8143 | Orc:1    | Noticed a two-headed ogre
  8144 | Orc:1    | Noticed sixsigma's ghost (journeyman GnWz)
  8272 | Orc:1    | Found a transporter.
  8321 | Orc:2    | Entered Level 2 of the Orcish Mines
  8331 | Orc:2    | Noticed an orc knight
  8376 | Orc:2    | Noticed an orc knight
  8434 | D:13     | Noticed a white ugly thing
  8454 | D:13     | Killed a white ugly thing
  8454 | D:13     | Reached skill level 11 in Axes
  8558 | D:13     | Noticed an eight-headed hydra
  8564 | D:13     | Noticed a five-headed hydra
  8567 | D:13     | Reached XP level 12. HP: 88/116 MP: 9/9
  8587 | D:13     | Killed a five-headed hydra
  8589 | D:13     | Killed a 13-headed hydra
  8611 | D:13     | Noticed a two-headed ogre
  8662 | D:13     | Killed a two-headed ogre
  8678 | D:13     | Reached skill level 10 in Fighting
  8742 | D:13     | Found a runed translucent door.
  8742 | D:13     | Found a runed translucent door.
  8743 | D:13     | Noticed a merfolk avatar
  8743 | D:13     | Noticed a merfolk impaler
  8754 | D:13     | Found a runed translucent door.
  9017 | D:13     | Found a gate to the Vaults.
  9130 | D:14     | Noticed a seven-headed hydra
  9137 | D:14     | Killed a seven-headed hydra
  9239 | D:14     | Found Ewkofilli's Book Emporium.
  9331 | D:14     | Reached ***** piety under Makhleb
  9369 | D:14     | Noticed a two-headed ogre
  9381 | D:14     | Killed a two-headed ogre
  9381 | D:14     | Reached skill level 12 in Axes
  9505 | D:14     | Noticed Nessos
  9517 | D:14     | Killed Nessos
  9517 | D:14     | Reached XP level 13. HP: 117/124 MP: 7/7
  9759 | D:14     | Reached skill level 10 in Invocations
 10042 | Orc:2    | Noticed Maurice
 10098 | Orc:2    | Killed Maurice
 10103 | Orc:2    | Noticed Josephine
 10109 | Orc:2    | Noticed an orc warlord
 10114 | Orc:2    | Killed an orc warlord
 10114 | Orc:2    | Killed Josephine
 10114 | Orc:2    | Reached skill level 13 in Axes
 10114 | Orc:2    | Reached skill level 10 in Armour
 10119 | Orc:2    | Reached skill level 10 in Shields
 10138 | Orc:2    | HP: 4/127 [sun demon[an orc high priest] (16)]
 10138 | Orc:2    | Slain by a sun demon

Levels and vault maps discovered:
D:1:      dpeg_arrival_concentric_ovals, layout_loops_ring, tso_metal_star
D:2:      minmay_door_path, layout_basic, nicolae_overflow_crystal_walls,
          chequers_ecumenical_altar_island, uniq_crazy_yiuf_cottage
D:3:      gammafunk_wand_slinger, layout_basic, nicolae_overflow_hidden_temple,
          elyvilon_altar_1, lemuel_round_altar, minmay_misc_feat_cross
D:4:      layout_loops_ring, minmay_temple_entry_mist, first_ration,
          kennysheep_cross_bottleneck, minmay_stone_trees_large,
          kennysheep_potato
D:5:      layout_loops_corners, marbit_many_paths,
          nemelex_xobeh_ov_fountains_minmay, eat_drink_and_be_merry_uskayaw,
          minmay_misc_feat_encased, uniq_ijyb, uniq_edmund
D:6:      layout_loops_cross, lemuel_coloured_pillars_altar
D:7:      layout_layer_cave, kennysheep_mini_moat, cheibrodos_worm_habitat
D:8:      layout_loops_ring, basic_altar
D:9:      layout_roguey, lemuel_doored_altar, grunt_livestock,
          minmay_chambers_of_fives
D:10:     layout_basic, erik_lair_island
D:11:     layout_loops_ring
D:12:     layout_roguey, orc_0_dummy
D:13:     layout_rooms, david_vaults_4, mikee_hates_you
D:14:     layout_stronghold, serial_shops, kennysheep_little_box,
          minmay_misc_feat_roman, minmay_misc_feat_more_columns,
          item_on_display_a, uniq_nessos
Temple:   minmay_freezing_vapour_temple
Orc:1:    layout_caves, basic_altar, gammafunk_ghost_smash
Orc:2:    st_orc_congregation, layout_caves, serial_shops, bzr_entry_dummy,
          david_defended_altar_orc, uniq_maurice, uniq_josephine,
          uniq_saint_roka

Skill      XL: |  1  2  3  4  5  6  7  8  9 10 11 12 13 |
---------------+----------------------------------------+-----
Fighting       | 3 4 5 6 7 8 9 10 11 | 11.4
Axes           | 3 4 5 7 8 9 11 12 13 | 13.1
Dodging        | 1 2 3 4 5 6 7 8 9 |  9.2
Shields        | 4 5 6 7 8 9 10 | 10.0
Armour         | 4 5 6 7 8 9 10 | 10.0
Invocations    | 1 2 4 5 7 8 9 10 | 10.5

Action                   |  1- 3 |  4- 6 |  7- 9 | 10-12 | 13-15 || total
-------------------------+-------+-------+-------+-------+-------++-------
Melee: War axe           |    82 |   129 |   279 |   709 |   140 ||  1339
       Rapier            |       |       |    52 |       |       ||    52
Invok: Lesser Servant of |       |       |       |     3 |    10 ||    13
 Abil: Heal Wounds       |       |     5 |     9 |    34 |    14 ||    62
Evoke: Wand              |       |       |       |    11 |     9 ||    20
       Lamp of fire      |       |       |       |     1 |       ||     1
  Use: Scroll            |       |       |    15 |     2 |     1 ||    18
 Stab: Paralysed         |       |       |       |     1 |       ||     1
       Distracted        |       |       |       |       |     2 ||     2
  Eat: Chunk             |       |     2 |    14 |    14 |     2 ||    32
Armor: Scale mail        |    47 |    71 |    41 |       |       ||   159
       Plate armour      |       |       |   160 |   373 |    88 ||   621
Dodge: Dodged            |    29 |    60 |   135 |   271 |    78 ||   573
Block: Kite shield       |    56 |    75 |   211 |   473 |   172 ||   987

Table legend:
 A = Non-vault XP
 B = Vault XP
 C = Vault XP percentage of total XP
 D = Non-vault monster count
 E = Vault monster count
 F = Vault count percentage of total count
                 A         B        C        D         E       F
            +---------+---------+-------+---------+---------+-------
      Total |   41950 |   13452 |  24.3 |     322 |      76 |  19.1
            +---------+---------+-------+---------+---------+-------
        D:1 |       5 |       0 |   0.0 |       3 |       0 |   0.0
        D:2 |      11 |       0 |   0.0 |       5 |       0 |   0.0
        D:3 |     124 |       0 |   0.0 |      19 |       0 |   0.0
        D:4 |     425 |       2 |   0.5 |      23 |       1 |   4.2
        D:5 |     203 |     202 |  49.9 |      16 |       3 |  15.8
        D:6 |     373 |       0 |   0.0 |       7 |       0 |   0.0
        D:7 |     834 |       5 |   0.6 |      25 |       1 |   3.8
        D:8 |     600 |       0 |   0.0 |      12 |       0 |   0.0
        D:9 |     720 |    1184 |  62.2 |      14 |      10 |  41.7
       D:10 |    4132 |     884 |  17.6 |      36 |       6 |  14.3
       D:11 |    2327 |       0 |   0.0 |      19 |       0 |   0.0
       D:12 |    5266 |       0 |   0.0 |      27 |       0 |   0.0
       D:13 |    9003 |     958 |   9.6 |      33 |       2 |   5.7
       D:14 |   13266 |    1418 |   9.7 |      37 |       1 |   2.6
      Orc:1 |    3059 |     346 |  10.2 |      28 |       8 |  22.2
      Orc:2 |    1602 |    8453 |  84.1 |      18 |      44 |  71.0
            +---------+---------+-------+---------+---------+-------
